 Dungeon Sprint DCSS version 0.26-a0-1058-g8dc6ce00ff (webtiles) character file.

Game seed: 14114415549707223114

10095 Adamkad1 the Severer (level 11, -6/111 HPs)
             Began as a Palentonga Fighter on Dec 13, 2020.
             Was a Believer of Uskayaw.
             Mangled by a daeva
             ... wielding a +5 scimitar of holy wrath
              (18 damage)
             ... in the Dungeon (Sprint V: "Ziggurat Sprint").
             The game lasted 00:08:07 (932 turns).

Adamkad1 the Severer (Palentonga Fighter)            Turns: 932, Time: 00:08:08

Health: -6/111     AC: 37    Str: 28    XL:     11   Next: 31%
Magic:  20/20      EV:  4    Int:  8    God:    Uskayaw [**....]
Gold:   0          SH: 33    Dex: 26    Spells: 10/10 levels left

rFire    x . .     SeeInvis +   F - +14 obsidian axe {vorpal, +Fly SInv *Curse} (curse)
rCold    x . .     Faith    .   H - +18 shield of the Gong {rElec rN+ Will+ EV-5}
rNeg     + . .     Spirit   .   G - +15 Maxwell's patent armour {-Cast -Tele rElec Will+ rCorr}
rPois    +         Reflect  .   M - +0 helmet "Qeischah" {rC- Dex+7 Stlth+}
rElec    +         Harm     .   (no cloak)
rCorr    +         Rampage  .   J - +0 pair of gloves of the Ward {+Fly rPois rF- Dex+5}
Will     ++...     NoTele   +   (no barding) Stlth ..........NoCast +
                                I - amulet "Edof" {RegenMP Dex+3}
HPRegen  0.28/turn              b - +4 ring of evasion
MPRegen  0.42/turn              C - +6 ring of strength

@: mesmerised, glowing, studying Fire Magic, curled up
A: large, rugged brown scales 3, see invisible, deformed body, roll 1, armoured
tail, reflexive curl
a: Rolling Charge, Stomp, Line Pass, Renounce Religion, Evoke Flight


You were in the Dungeon.
You worshipped Uskayaw.
Uskayaw was pleased with you.
You visited 1 branch

Inventory:

Hand Weapons
 a - a +0 war axe
 F - the cursed +14 obsidian axe (weapon) {vorpal, +Fly SInv *Curse}
   (You found it in the Dungeon)

   It inflicts extra damage upon your enemies.
   It lets you see invisible.
   It lets you fly.
   It curses itself when equipped.
   It has a curse placed upon it.
Armour
 n - the +2 shield of Resistance {rF++ rC++ Will++}
   (You found it in the Dungeon)

   It greatly protects you from fire.
   It greatly protects you from cold.
   It affects your willpower, your defense against some magical effects.
 G - the +15 Maxwell's patent armour (worn) {-Cast -Tele rElec Will+ rCorr}
   (You found it in the Dungeon)

   It insulates you from electricity.
   It affects your willpower, your defense against some magical effects.
   It prevents spellcasting.
   It prevents most forms of teleportation.
   It provides partial protection from all sources of acid and corrosion.
 H - the +18 shield of the Gong (worn) {rElec rN+ Will+ EV-5}
   (You found it in the Dungeon)

   It affects your evasion (-5).
   It insulates you from electricity.
   It protects you from negative energy.
   It affects your willpower, your defense against some magical effects.
 J - the +0 pair of gloves of the Ward (worn) {+Fly rPois rF- Dex+5}
   (You found it in the Dungeon)

   It affects your dexterity (+5).
   It makes you vulnerable to fire.
   It protects you from poison.
   It lets you fly.
 M - the +0 helmet "Qeischah" (worn) {rC- Dex+7 Stlth+}
   (You found it in the Dungeon)

   It affects your dexterity (+7).
   It makes you vulnerable to cold.
   It makes you more stealthy.
Jewellery
 b - a +4 ring of evasion (left hand)
 x - an uncursed ring of flight
 y - a +6 ring of dexterity
 z - a +6 ring of dexterity
 A - a +6 ring of intelligence
 B - a +6 ring of intelligence
 C - a +6 ring of strength (right hand)
 D - a +6 ring of strength
 I - the amulet "Edof" (around neck) {RegenMP Dex+3}
   (You found it in the Dungeon)

   [amulet of magic regeneration]

   It increases your magic regeneration.
   It affects your dexterity (+3).
 K - an uncursed ring of resist corrosion
 L - the ring of Shadows {Umbra +Inv Stlth+}
   (You found it in the Dungeon)

   [ring of stealth]

   It lets you turn invisible.
   It makes you more stealthy.
 O - the cursed ring "Suleint" {Str-4 Dex+3}
   (You found it in the Dungeon)

   [ring of strength]

   It affects your strength (-4).
   It affects your dexterity (+3).
   It has a curse placed upon it.
 Q - an uncursed ring of magical power
 R - an uncursed ring of positive energy
 S - an uncursed ring of willpower
Wands
 u - a wand of disintegration (7)
 v - a wand of iceblast (7)
 w - a wand of acid (7)
Scrolls
 j - 4 scrolls of blinking
 o - 4 scrolls of amnesia
 p - 7 scrolls of fog
 q - a scroll of holy word
 r - 5 scrolls of identify
 s - 5 scrolls of remove curse
 t - 2 scrolls of fear
 N - a scroll of brand weapon
Potions
 d - 6 potions of might
 e - 10 potions of curing
 f - 9 potions of heal wounds
 g - 6 potions of haste
 h - 7 potions of magic
 i - 3 potions of berserk rage
 k - 2 potions of brilliance
 l - 2 potions of invisibility
 m - 2 potions of resistance
Books
 P - a manual of Fire Magic
Miscellaneous
 c - a condenser vane
 E - a lightning rod (4/4)


   Skills:
 + Level 11.7 Fighting
 * Level 15.3 Axes
 + Level 10.0 Armour
 + Level 11.5 Shields
 + Level 12.1 Invocations


You had 10 spell levels left.
You didn't know any spells.
Your spell library contained the following spells:

 Spells                   Type           Power        Failure   Level
 Animate Skeleton         Necr           #.....       98%         1
 Foxfire                  Conj/Fire      #...         98%         1
 Pain                     Necr           #...         98%         1
 Conjure Flame            Conj/Fire      #.......     100%        3
 Vampiric Draining        Necr           #.........   100%        3
 Animate Dead             Necr           #.........   100%        4
 Agony                    Necr           #.......     100%        5
 Bolt of Magma            Conj/Fire/Erth #.........   100%        5
 Fireball                 Conj/Fire      #.........   100%        5
 Summon Demon             Summ           #.........   100%        5
 Summon Forest            Summ/Tloc      #.........   100%        5
 Summon Mana Viper        Hex/Summ       #.......     100%        5
 Shadow Creatures         Summ           N/A          100%        6
 Summon Hydra             Summ           #.........   100%        7


Dungeon Overview and Level Annotations

Branches:
Dungeon (1/1)

Altars:
Ashenzari
Cheibriados
Dithmenos
Elyvilon
Fedhas
Gozag
Hepliaklqana
Kikubaaqudgha
Makhleb
Nemelex Xobeh
Okawaru
Qazlal
Ru
Sif Muna
Trog
Uskayaw
Vehumet
Wu Jian
Xom
Yredelemnul
Zin
The Shining One
Beogh
Jiyva
Lugonu

Annotations:
D 1 transporter


Innate Abilities, Weirdness & Mutations

You are completely covered in rugged brown scales. (AC +3, +7% HP)
You have supernaturally acute eyesight. (SInv)
Armour fits poorly on your strangely shaped body.
You can roll at nearby foes to attack.
You have a long armoured tail.
You curl defensively after being hit.


Message History

You block the daeva's attack.
GONNNNG!
You can now pass through a line of other dancers.
You feel much better.
The pearl dragon breathes cleansing flame at you.
The blast of cleansing flame engulfs you!!
* * * LOW HITPOINT WARNING * * *
You block the apis's attack.
SHROANNG!
You block the apis's attack.
BONNNG!
The daeva barely misses you.
The daeva hits you with a +2 eudemon blade of holy wrath!
* * * LOW HITPOINT WARNING * * *
The pearl dragon bites you!
* * * LOW HITPOINT WARNING * * *
You block the pearl dragon's attack.
SHROANNG!
The daeva hits you with a +5 scimitar of holy wrath!!
You die...

▓.........▓ ▓.........▓
▓....©....▓
▓▓▓▓▓▓▓▓▓▓▓▓▓▓▓▓▓▓▓▓▓▓▓
▓...8©8...▓...8©8...▓..
▓..)|})[).▓..|.[|)..▓..
▓..)[:3)..▓...)[....▓..
▓....GAY§.▓....)....▓..
▓....A@§..▓.....))..▓.)
▓....YD§..▓.....[...▓..
▓...§.§...▓.........▓..
▓...○.....▓.........▓.▓
▓.▓.....▓.▓.........▓..
▓....©....▓....©....▓▓▓
▓▓▓▓▓▓▓▓▓▓▓▓▓▓▓▓▓▓▓▓▓


You could see 2 apis, 2 daevas, a pearl dragon (catching breath), an ophan and a
friendly soul eater (summoned).

Vanquished Creatures
  A ghoul (D)
  2 vampire knights (D)
  A vampire mage (D)
  A spriggan druid (D)
  2 necromancers (D)
  2 rime drakes (D)
  A guardian mummy (D)
  4 air elementals (D)
  7 spriggans (D)
  A vampire (D)
  A shadow (D)
  A naga (D)
  A hell hound (D)
  A water moccasin (D)
  A black bear (D)
  A necrophage (D)
  A wolf (D)
  2 crimson imps (D)
  2 quasits (D)
  An iron imp (D)
  4 mummies (D)
  3 adders (D)
  A white imp (D)
  An ufetubus (D)
  An adder skeleton (D)
  An adder zombie (D)
  A ball python (D)
  2 bat skeletons (D)
  A ball python zombie (D)
  A leopard gecko skeleton (D)
50 creatures vanquished.

Vanquished Creatures (collateral kills)
  2 rime drakes (D)
  3 hornets (D)
  4 spriggans (D)
  A hell hound (D)
  A wolf (D)
  A crimson imp (D)
  An adder (D)
  A shadow imp (D)
  A ball python (D)
15 creatures vanquished.

Vanquished Creatures (others)
  3 pandemonium lords (D)
  A warmonger (D)
  3 orange demons (D)
  A hellion (D)
  A tormentor (D)
  A ynoxinul (D)
  2 insubstantial wisps (D)
12 creatures vanquished.

Grand Total: 77 creatures vanquished

Notes
Turn   | Place    | Note
-------+----------+-------------------------------------------
     0 | D        | Adamkad1 the Palentonga Fighter began the quest for the
                  | Orb.
     0 | D        | Reached XP level 1. HP: 20/20 MP: 1/1
     0 | D        | Found a shimmering blue altar of Sif Muna.
     0 | D        | Found a bloodstained altar of Trog.
     0 | D        | Found a sacrificial altar of Ru.
     0 | D        | Found a stormy altar of Qazlal.
     0 | D        | Found an iron altar of Okawaru.
     1 | D        | Found a sparkling altar of Nemelex Xobeh.
     1 | D        | Found a blossoming altar of Fedhas.
     2 | D        | Found the +6 Majin-Bo {vamp, MP+6 Int+6}
     2 | D        | Found the +9 heavy crossbow "Sniper" {vorpal, Acc+∞ SInv}
     2 | D        | Found the +10 dark maul {vorpal}
     2 | D        | Found the +15 Maxwell's patent armour {-Cast -Tele rElec
                  | Will+ rCorr}
     2 | D        | Found the +18 shield of the Gong {rElec rN+ Will+ EV-5}
     2 | D        | Found the cursed +14 obsidian axe {vorpal, +Fly SInv
                  | *Curse}
     2 | D        | Found the +7 great mace "Firestarter" {inner flame, rF++}
     2 | D        | Found the +6 shillelagh "Devastator" {shatter}
     2 | D        | Found the +11 plutonium sword {*Contam Stlth-}
     2 | D        | Found the +8 lance "Wyrmbane" {slay drac, rPois rF+ rC+
                  | AC+3}
     2 | D        | Found the +9 sword of Zonguldrok {reap}
     2 | D        | Found the cursed +13 scythe of Curses {drain, *Curse}
     2 | D        | Found the +0 sword of Power
     2 | D        | Found the +7 mace of Variability {chain chaos}
     2 | D        | Found the +7 Singing Sword {vorpal, sonic wave}
     2 | D        | Found the +8 storm bow {elec, penet}
     3 | D        | Found a transporter.
     3 | D        | Found an ancient bone altar of Kikubaaqudgha.
     3 | D        | Found a viscous altar of Jiyva.
     3 | D        | Found a corrupted altar of Lugonu.
     3 | D        | Found a hazy altar of Hepliaklqana.
     3 | D        | Found a burning altar of Makhleb.
     3 | D        | Found an opulent altar of Gozag.
    48 | D        | Reached XP level 2. HP: 27/27 MP: 2/2
    51 | D        | Killed an orange demon
    67 | D        | Became a worshipper of Uskayaw the Reveller
    81 | D        | Entered arena 2.
    81 | D        | Found a transporter.
    84 | D        | Reached * piety under Uskayaw
    92 | D        | Entered arena 3.
    92 | D        | Noticed a naga
    92 | D        | Found a transporter.
    95 | D        | Reached ** piety under Uskayaw
    96 | D        | Reached *** piety under Uskayaw
    97 | D        | Reached skill level 1 in Invocations
    97 | D        | Reached XP level 3. HP: 25/33 MP: 3/3
    97 | D        | Killed a naga
    98 | D        | Reached skill level 5 in Axes
    98 | D        | Reached XP level 4. HP: 32/43 MP: 3/6
    98 | D        | Reached XP level 5. HP: 37/50 MP: 3/7
   140 | D        | Killed Vumaurha the pandemonium lord
   203 | D        | Entered arena 4.
   203 | D        | Noticed a hell hound
   203 | D        | Noticed a hell hound
   203 | D        | Found a transporter.
   205 | D        | Killed a hell hound
   205 | D        | Killed a hell hound
   206 | D        | Reached skill level 5 in Fighting
   206 | D        | Reached skill level 7 in Axes
   206 | D        | Reached skill level 5 in Invocations
   206 | D        | Reached XP level 6. HP: 60/60 MP: 7/9
   212 | D        | Entered arena 5.
   212 | D        | Noticed a rime drake
   212 | D        | Noticed a rime drake
   212 | D        | Noticed a rime drake
   212 | D        | Noticed a rime drake
   212 | D        | Found a transporter.
   215 | D        | Killed a rime drake
   215 | D        | Killed a rime drake
   215 | D        | Reached **** piety under Uskayaw
   216 | D        | Reached skill level 9 in Axes
   216 | D        | Reached skill level 5 in Armour
   216 | D        | Gained mutation: You curl defensively after being hit.
                  | [Palentonga growth]
   216 | D        | Reached XP level 7. HP: 51/70 MP: 8/12
   216 | D        | Killed a rime drake
   216 | D        | Killed a rime drake
   216 | D        | Killed an orange demon
   217 | D        | Reached skill level 10 in Axes
   217 | D        | Reached XP level 8. HP: 58/79 MP: 8/13
   307 | D        | Entered arena 6.
   307 | D        | Found a transporter.
   308 | D        | Found the +2 shield of Resistance {rF++ rC++ Will++}
   318 | D        | Got the amulet "Edof" {RegenMP Dex+3}
   322 | D        | Got the +0 pair of gloves of the Ward {+Fly rPois rF-
                  | Dex+5}
   336 | D        | Entered arena 7.
   336 | D        | Noticed a spriggan rider
   336 | D        | Noticed a spriggan rider
   337 | D        | Found the ring of Shadows {Umbra +Inv Stlth+}
   337 | D        | Found the +0 staff of Battle
   337 | D        | Found a transporter.
   342 | D        | Killed a hornet
   343 | D        | Reached skill level 11 in Axes
   343 | D        | Reached XP level 9. HP: 61/87 MP: 13/15
   356 | D        | Got the +0 helmet "Qeischah" {rC- Dex+7 Stlth+}
   366 | D        | Entered arena 8.
   367 | D        | Found a transporter.
   370 | D        | Reached skill level 12 in Axes
   455 | D        | Killed a monstrous warmonger
   634 | D        | Got the Reference Book on Ignition
   639 | D        | Entered arena 9.
   639 | D        | Noticed a guardian mummy
   640 | D        | Found a transporter.
   643 | D        | Killed a guardian mummy
   644 | D        | Reached skill level 10 in Shields
   653 | D        | Got the cursed ring "Suleint" {Str-4 Dex+3}
   663 | D        | Killed an orange demon
   744 | D        | Killed a hellion
   808 | D        | Entered arena 10.
   809 | D        | Found a transporter.
   827 | D        | Entered arena 11.
   827 | D        | Noticed a spriggan druid
   827 | D        | Noticed a spriggan rider
   828 | D        | Identified the +7 quarterstaff of Bodily Humours {pain,
                  | rC++ Dex+4}
   828 | D        | Found a transporter.
   833 | D        | Reached skill level 10 in Fighting
   833 | D        | Reached skill level 10 in Invocations
   833 | D        | Reached XP level 10. HP: 99/99 MP: 13/17
   833 | D        | Killed a spriggan druid
   834 | D        | Reached skill level 13 in Axes
   840 | D        | Entered arena 12.
   840 | D        | Noticed a necromancer
   840 | D        | Noticed a vampire mage
   840 | D        | Noticed a ghoul
   841 | D        | Noticed a vampire knight
   841 | D        | Identified the +0 robe of the Dungeon {Rampage rF++ rN+
                  | Int-2}
   841 | D        | Noticed a necromancer
   841 | D        | Noticed a vampire knight
   843 | D        | Found a transporter.
   845 | D        | Killed a necromancer
   847 | D        | Killed a vampire knight
   847 | D        | Killed a necromancer
   847 | D        | Killed a vampire knight
   847 | D        | Killed a ghoul
   848 | D        | Reached skill level 15 in Axes
   848 | D        | Reached XP level 11. HP: 102/110 MP: 18/20
   848 | D        | Reached ***** piety under Uskayaw
   850 | D        | Noticed a phantasmal warrior
   850 | D        | Killed a vampire mage
   851 | D        | Reached skill level 10 in Armour
   876 | D        | Killed Bijehiwk the pandemonium lord
   882 | D        | Killed Ocairchots the pandemonium lord
   927 | D        | Entered arena 13.
   927 | D        | Noticed a daeva
   927 | D        | Noticed a pearl dragon
   927 | D        | Noticed a daeva
   927 | D        | Noticed an apis
   927 | D        | Noticed an apis
   928 | D        | Noticed an ophan
   929 | D        | Found a transporter.
   932 | D        | Mangled by a daeva

Illustrated notes

Levels and vault maps discovered:
D:        sprint_v [room_start, room_1, room_2, room_3, room_4, room_5, room_6,
          room_7, room_8, room_9, room_10, room_11, room_12, room_13, room_14,
          room_15, room_16, room_17, room_18, room_19, room_20, room_21,
          room_22, room_23, room_24, room_25, room_26, room_27]

Skill      XL: |  1  2  3  4  5  6  7  8  9 10 11 |
---------------+----------------------------------+-----
Shields        | 6 7 8 9 10 11 | 11.5
Invocations    | 1 3 5 6 7 8 10 12 | 12.1
Fighting       | 4 5 7 8 10 11 | 11.7
Axes           | 5 7 9 10 11 12 15 | 15.3
Armour         | 3 4 5 6 7 8 9 10 | 10.0

Action                   |  1- 3 |  4- 6 |  7- 9 | 10-12 || total
-------------------------+-------+-------+-------+-------++-------
Melee: Broad axe         |    10 |     5 |    32 |    11 ||    58
       Tailslap          |     2 |       |     4 |     3 ||     9
Invok: Line Pass         |       |       |     1 |       ||     1
       Grand Finale      |       |       |       |     1 ||     1
 Abil: Rolling Charge    |     1 |     2 |     6 |     2 ||    11
  Use: Potion            |     1 |     1 |       |     2 ||     4
 Stab: Paralysed         |     1 |       |     9 |     6 ||    16
       Confused          |       |       |     1 |       ||     1
Armor: Plate armour      |     6 |     4 |    20 |     3 ||    33
Dodge: Dodged            |       |     2 |     3 |     2 ||     7
Block: Kite shield       |    16 |    12 |    58 |    18 ||   104

Table legend: (Time is in decaauts)
 A = Elapsed time spent in this place.
 B = Non-inter-level travel time spent in this place.
 C = Inter-level travel time spent in this place.
 D = Time resting spent in this place.
 E = Time spent auto-exploring this place.
 F = Levels seen in this place.
 G = Mean time per level.
                   A        B        C        D        E       F      G
               +--------+--------+--------+--------+--------+-----+--------+
         Total |    943 |    943 |      0 |    647 |      0 |   1 |  943.0 |
       Dungeon |    943 |    943 |      0 |    647 |      0 |   1 |  943.0 |
               +--------+--------+--------+--------+--------+-----+--------+

Top non-repeatable levels by time:
       D: 943 daAuts
